 Dungeon Crawl Stone Soup version 0.18.1-50-g88ac8fd (webtiles) character file.

413 magog001 the Covered (level 6, -2/55 HPs)
             Began as a Hill Orc Fighter on Jan 31, 2017.
             Killed by divine providence
             ... invoked by an orc priest
              (10 damage)
             ... on level 4 of the Dungeon.
             The game lasted 00:26:54 (3433 turns).

magog001 the Covered (Hill Orc Fighter)             Turns: 3433, Time: 00:26:55

Health: -2/55      AC: 15    Str: 20    XL:     6   Next: 90%
Magic:  6/6        EV:  4    Int:  8    God:
Gold:   186        SH: 12    Dex: 11    Spells: 0 memorised, 5 levels left

rFire  . . .     SeeInvis .     x - +2 morningstar (flame)
rCold  . . .     Gourm    .     u - +0 plate armour
rNeg   . . .     Faith    .     c - +0 shield
rPois  .         Spirit   .     (no helmet)
rElec  .         Dismiss  .     i - +2 cloak
rCorr  .         Reflect  +     (no gloves)
SustAt .         Harm     .     (no boots)
MR     .....                    s - +3 amulet of reflection
Stlth  ..........               (no ring)
                                (no ring)

@: not resistant to hostile enchantments, extremely unstealthy
A: no striking features
a: Convert to Beogh


You were on level 4 of the Dungeon.
You were not hungry.

You visited 1 branch of the dungeon, and saw 4 of its levels.

You collected 186 gold pieces.

Inventory:

Hand Weapons
 a - a +0 war axe
 q - a +2 dagger of venom
 x - a +2 morningstar of flaming (weapon)
Missiles
 l - 9 poisoned needles
 m - 3 curare-tipped needles
 y - 7 javelins (quivered)
Armour
 c - a +0 shield (worn)
 i - a +2 cloak (worn)
 u - a +0 plate armour (worn)
Jewellery
 s - a +3 amulet of reflection (around neck)
Wands
 t - a wand of confusion (26/48)
Scrolls
 e - a scroll of magic mapping
 g - a scroll of recharging
 h - 2 scrolls of remove curse
 o - 3 scrolls of identify
Potions
 j - a potion of ambrosia {unknown}
 p - a potion of berserk rage {unknown}
 r - a potion of lignification
 v - a potion of resistance {unknown}
 w - a potion of agility {unknown}
 A - a potion of haste
 C - a potion of degeneration {unknown}
Comestibles
 b - a beef jerky
 d - 4 chunks of flesh
 f - 3 bread rations
 k - 4 meat rations


   Skills:
 * Level 4.8 Fighting
 + Level 4.0(4.1) Axes
 + Level 1.0(2.3) Maces & Flails
 * Level 1.4 Throwing
 * Level 5.1 Armour
 + Level 1.5 Dodging
 + Level 4.8 Shields


You had 5 spell levels left.
You didn't know any spells.

Dungeon Overview and Level Annotations

Branches:
Dungeon (4/15)
 Temple: D:4-7

Altars:
Cheibriados
Dithmenos


Message History

The puff of frost hits you!
The orc wizard gestures at you while chanting.
The puff of flame reflects off an invisible shield around you!
The puff of flame hits the orc wizard.
Your surroundings suddenly seem different.
Some of the chunks of flesh in your inventory have rotted away.
You see here 13 gold pieces.
You now have 186 gold pieces (gained 13).
You hear some strange, mumbled words.
A puff of flame appears from out of thin air!
The puff of flame hits you!
* * * LOW HITPOINT WARNING * * *
Something hits you but does no damage.
A magic dart appears from out of thin air!
The magic dart hits you!
A magic dart appears from out of thin air!
The magic dart hits you!
The orc priest calls down the wrath of Beogh upon you.
Beogh smites you!
You die...

####..###.##.......
#...... +.........#
......) #......
#####.##### .......
...#+#+# #......#
#+##+## ###. #..
.....##.#.# .# #
#.. .### #...# .#
#.# #...# .# #..
#####o.#####.##.#
#..
............@....#
###
.######..####.####
. ##.# .# .. #.# .#
.# ... .. ... .#
..... .# ..... .#


You could see an orc priest.

Vanquished Creatures
  2 orc priests (D:3)
  2 orc wizards (D:4)
  A giant frog skeleton (D:3)
  Crazy Yiuf (D:3)
  Jessica (D:2)
  Natasha (twice) (D:3)
  6 adders
  2 oozes
  3 worms
  4 dart slugs
  2 giant geckos
  13 orcs
  5 giant cockroaches
  6 goblins
  3 hobgoblins
  2 jackals (D:1)
  A quokka (D:3)
  2 ball pythons (D:3)
  8 bats
  A giant newt (D:3)
  7 kobolds
  6 rats
80 creatures vanquished.

Vanquished Creatures (others)
  An orc wizard (D:4)
1 creature vanquished.

Grand Total: 81 creatures vanquished

Notes
Turn   | Place    | Note
--------------------------------------------------------------
     0 | D:1      | magog001 the Hill Orc Fighter began the quest for the Orb.
     0 | D:1      | Reached XP level 1. HP: 19/19 MP: 1/1
     6 | D:1      | Noticed a hound
     6 | D:1      | Noticed a polar bear
     7 | D:1      | Noticed a black mamba
     7 | D:1      | Noticed a killer bee
    70 | D:1      | Reached XP level 2. HP: 18/27 MP: 2/2
   302 | D:1      | Reached XP level 3. HP: 32/33 MP: 3/3
   890 | D:2      | Noticed Jessica
   906 | D:2      | Killed Jessica
   906 | D:2      | Reached skill level 4 in Armour
   906 | D:2      | Reached XP level 4. HP: 25/40 MP: 4/4
   918 | D:2      | Found a snail-covered altar of Cheibriados.
  1174 | D:2      | Reached skill level 1 in Dodging
  1425 | D:3      | Noticed Natasha
  1439 | D:3      | Killed Natasha
  1450 | D:3      | Reached XP level 5. HP: 33/46 MP: 5/5
  1632 | D:3      | Found a shadowy altar of Dithmenos.
  1978 | D:3      | Noticed Crazy Yiuf
  1981 | D:3      | Killed Crazy Yiuf
  2320 | D:3      | Noticed Natasha
  2653 | D:3      | Reached XP level 6. HP: 53/53 MP: 6/6
  2676 | D:3      | Killed Natasha
  2686 | D:3      | Reached skill level 1 in Throwing
  3338 | D:4      | Reached skill level 5 in Armour
  3340 | D:4      | Reached skill level 1 in Maces & Flails
  3433 | D:4      | Killed from afar by an orc priest

Skill      XL: |  1  2  3  4  5  6 |
---------------+-------------------+-----
Axes           | 3 4 |  4.0
Armour         | 4 5 |  5.1
Shields        | 4 |  4.8
Dodging        | 1 |  1.5
Fighting       | 4 |  4.8
Throwing       | 1 |  1.4
Maces & Flails | 1 |  1.0

Action                   |  1- 3 |  4- 6 || total
-------------------------+-------+-------++-------
Melee: War axe           |    90 |    73 ||   163
       Morningstar       |       |   137 ||   137
Throw: Javelin           |       |     2 ||     2
  Use: Scroll            |       |    10 ||    10
       Potion            |       |     5 ||     5
  Eat: Chunk             |       |     9 ||     9
Armor: Scale mail        |    50 |    42 ||    92
       Plate armour      |       |    71 ||    71
Dodge: Dodged            |    33 |    49 ||    82
Block: Shield            |    55 |   130 ||   185
       Reflection        |       |     1 ||     1
